 Dungeon Crawl Stone Soup version 0.23-a0-639-ga9a3373 (webtiles) character file.

24 Leeroy the Slasher (level 2, 0/24 HPs)
             Began as a Draconian Skald on Dec 29, 2018.
             Slain by an adder (1 damage)
             ... on level 2 of the Dungeon.
             The game lasted 00:01:39 (545 turns).

Leeroy the Slasher (Draconian Skald)                 Turns: 545, Time: 00:01:40

Health: 0/24       AC:  4    Str: 12 (13) XL:     2   Next: 79%
Magic:  5/5        EV: 17    Int: 11 (13) God:
Gold:   76         SH:  0    Dex: 14 (15) Spells: 4/5 levels left

rFire    . . .     SeeInvis .   a - +0 falchion
rCold    . . .     Gourm    .   (no shield)
rNeg     . . .     Faith    .   (armour unavailable)
rPois    .         Spirit   .   (helmet restricted)
rElec    .         Reflect  .   (no cloak)
rCorr    .         Harm     .   (no gloves)
MR       .....                  (no boots)
Stlth    ++........             (no amulet)
HPRegen  0.08/turn              (no ring)
MPRegen  0.09/turn              (no ring)

@: agile, lethally poisoned (0 -> -2)
A: unfitting armour, cold-blooded, AC +4
a: no special abilities


You were on level 2 of the Dungeon.
You were not hungry.

You visited 1 branch of the dungeon, and saw 2 of its levels.

You collected 76 gold pieces.

Inventory:

Hand Weapons
 a - a +0 falchion (weapon)
 i - a +0 dagger
 o - a +0 whip
Missiles
 e - 15 arrows
 m - 30 stones (quivered)
Jewellery
 p - an uncursed ring of protection from magic {unknown}
Scrolls
 d - a scroll of enchant armour {unknown}
 f - a scroll of identify {unknown}
 g - 2 scrolls of fear {unknown}
 k - a scroll of random uselessness {unknown}
 n - a scroll of blinking {unknown}
Potions
 j - a potion of cancellation {unknown}
Comestibles
 b - 4 chunks of flesh
 c - 4 rations


   Skills:
 - Level 2.1 Fighting
 + Level 3.4 Long Blades
 - Level 2.1 Dodging
 - Level 2.0 Spellcasting
 - Level 2.6 Charms


You had 4 spell levels left.
You knew the following spells:

 Your Spells              Type           Power        Failure   Level  Hunger
a - Infusion              Chrm           #...         10%         1    ##.....

Your spell library contained the following spells:

 Spells                   Type           Power        Failure   Level  Hunger
 Song of Slaying          Chrm           #.......     14%         2    ###....
 Shroud of Golubria       Chrm/Tloc      #.........   26%         2    ###....
 Regeneration             Chrm/Necr      #.........   45%         3    ####...
 Spectral Weapon          Hex/Chrm       #.......     45%         3    ####...


Dungeon Overview and Level Annotations

Branches:
Dungeon (2/15)

Altars:


Innate Abilities, Weirdness & Mutations

Your plain brown scales are hard. (AC +4)
You cannot fit into any form of body armour.
You are cold-blooded and may be slowed by cold attacks.


Message History

The adder is severely wounded.
The adder misses you. The adder closely misses you.
You riposte.
You miss the adder.
The adder is severely wounded.
The adder misses you.
Unknown command.
You completely miss the adder.
The adder is severely wounded.
You feel sick.
The adder barely misses you. x2; The adder closely misses you.
You hit the adder.
The adder is almost dead.
The adder barely misses you. The adder bites you.
* * * LOW HITPOINT WARNING * * *
The adder barely misses you.
You riposte.
You miss the adder.
Unknown command.
It was a potion of degeneration.
There was something very wrong with that liquid.
You feel weakened.
You feel dopey.
You feel clumsy. The adder closely misses you. The adder bites you.
You die...

..######.#
..≈...≈≈≈..
#≈≈≈.≈...≈≈
#.≈≈≈≈≈≈≈≈≈
#..≈≈≈≈≈≈≈≈
#.≈≈≈≈≈≈≈≈≈
#.≈≈≈≈≈..≈≈
#.@≈≈g._≈≈≈
######≈SS≈≈≈≈♣≈
#.......≈≈≈≈≈≈≈≈
#.###...≈≈≈≈≈≈≈≈
#.#...≈≈≈≈≈≈≈≈≈≈
#.#.#.≈..≈...≈.≈
#.......≈≈.≈...≈
###.############
#.#


You could see 2 adders and a hobgoblin.

Vanquished Creatures
  A leopard gecko (D:1)
  A ball python (D:1)
  2 giant cockroaches
  3 goblins (D:1)
  2 hobgoblins
  2 jackals (D:1)
  A kobold (D:1)
  3 bats (D:1)
  A frilled lizard (D:2)
  4 rats (D:1)
20 creatures vanquished.

Notes
Turn   | Place    | Note
-------+----------+-------------------------------------------
     0 | D:1      | Leeroy the Draconian Skald began the quest for the Orb.
     0 | D:1      | Reached XP level 1. HP: 17/17 MP: 3/3
   135 | D:1      | Reached XP level 2. HP: 12/24 MP: 5/5
   213 | D:1      | Reached skill level 3 in Long Blades
   526 | D:2      | Found a faded altar of an unknown god.
   544 | D:2      | HP: 1/24 [adder (2)]
   545 | D:2      | Slain by an adder

Vault maps used:
D:1:      lightli_arrival_flooded_house
D:2:      chequers_ecumenical_altar_island

Skill      XL: |  1  2 |
---------------+-------+-----
Long Blades    | 3 |  3.4
Fighting       | |  2.1
Dodging        | |  2.1
Spellcasting   | |  2.0
Charms         | |  2.6

Action                   || total
-------------------------++-------
Melee: Falchion          ||    73
       Tailslap          ||     6
  Use: Potion            ||     2
Armor: Skin              ||    32
Dodge: Dodged            ||    92
       Rpst.: Falchion   ||    30

Table legend:
 A = Non-vault XP
 B = Vault XP
 C = Vault XP percentage of total XP
 D = Non-vault monster count
 E = Vault monster count
 F = Vault count percentage of total count
                 A         B        C        D         E       F
            +---------+---------+-------+---------+---------+-------
      Total |      35 |       0 |   0.0 |      20 |       0 |   0.0
            +---------+---------+-------+---------+---------+-------
        D:1 |      30 |       0 |   0.0 |      17 |       0 |   0.0
        D:2 |       5 |       0 |   0.0 |       3 |       0 |   0.0
            +---------+---------+-------+---------+---------+-------
